 Dungeon Crawl Stone Soup version 0.30-a0-639-g3916f1956a (webtiles) character file.

Game seed: 17105054784779994680

500 bande the Chopper (level 7, -3/44 HPs)
             Began as a Gargoyle Fighter on Jan 15, 2023.
             Slain by an ogre
             ... wielding a +0 giant club
              (13 damage)
             ... on level 5 of the Dungeon.
             The game lasted 00:05:25 (3504 turns).

bande the Chopper (Gargoyle Fighter)                Turns: 3504, Time: 00:05:25

Health: -3/44      AC: 17    Str: 20    XL:     7   Next: 16%
Magic:  7/7        EV:  7    Int:  8    God:
Gold:   230        SH:  4    Dex: 11    Spells: 6/6 levels left

rFire   . . .      SeeInvis .    a - +1 war axe
rCold   . . .      Faith    .    c - +0 buckler
rNeg    + . .      Spirit   .    p - +0 chain mail
rPois   ∞          Reflect  .    f - +2 hat
rElec   +          Harm     .    (no cloak)
rCorr   .          Rampage  .    q - +0 pair of gloves
Will    .....                    (no boots) Stlth
                                 (no amulet)
HPRegen 0.27/turn                (no ring)
MPRegen 0.10/turn                (no ring)

@: no status effects
A: sickness immunity, AC +4, negative energy resistance 1, electricity
resistance, torment resistance 1, petrification resistance
a: no special abilities


You were on level 5 of the Dungeon.
You visited 2 branches of the dungeon, and saw 6 of its levels.

You collected 230 gold pieces.

Inventory:

Hand Weapons
 a - a +1 war axe (weapon)
 b - a +0 dagger
Armour
 c - a +0 buckler (worn)
 f - a +2 hat (worn)
 p - a +0 chain mail (worn)
 q - a +0 pair of gloves (worn)
Scrolls
 g - 2 scrolls of teleportation
 h - 3 scrolls of poison
 i - 3 scrolls of identify
 l - a scroll of blinking
 m - 2 scrolls of magic mapping
 r - a scroll of vulnerability {unknown}
 s - a scroll of fog {unknown}
Potions
 d - 3 potions of might
 e - 2 potions of ambrosia
 j - a potion of mutation
 k - 2 potions of haste {unknown}
 n - a potion of lignification {unknown}
 o - a potion of invisibility {unknown}


   Skills:
 + Level 4.4 Fighting
 + Level 5.3 Axes
 + Level 4.7 Armour
 - Level 0.1 Stealth
 + Level 4.1 Shields


You had 6 spell levels left.
You didn't know any spells.
Your spell library contained the following spells:

 Spells                   Type           Power      Damage    Failure   Level
 Necrotise                Necr           0%         1d4       99%         1
 Wereblood                Tmut           0%         N/A       100%        2
 Vampiric Draining        Necr           0%         2d6       100%        3
 Airstrike                Air            0%         2d(0-16)  100%        4
 Summon Lightning Spire   Summ/Air       0%         N/A       100%        4
 Agony                    Necr           0%         N/A       100%        5
 Lightning Bolt           Conj/Air       0%         1d11      100%        5
 Summon Hydra             Summ           0%         N/A       100%        7
 Sublimation of Blood     Necr           Unusable   N/A       N/A         2

Dungeon Overview and Level Annotations

Branches:
Dungeon (5/15)             Temple (1/1) D:4

Altars:
Ashenzari
Elyvilon
Fedhas
Gozag
Kikubaaqudgha
Nemelex Xobeh
Sif Muna
Uskayaw
Zin
The Shining One


Innate Abilities, Weirdness & Mutations

You are immune to sickness and miasma.
Your stone body is resilient. (AC +4)
You are immune to poison.
You resist negative energy. (rN+)
You are resistant to electric shocks. (rElec)
You are resistant to unholy torment.
You are immune to petrification.


Message History

You barely miss the phantom.
The phantom is moderately damaged.
The phantom hits you but does no damage. x2
You barely miss the phantom.
The phantom is moderately damaged.
The phantom hits you but does no damage.
You hit the phantom.
The phantom is moderately damaged.
The phantom closely misses you.
You slash the phantom!
The phantom is severely damaged.
The phantom hits you but does no damage.
The phantom barely misses you.
You slash the phantom!
You destroy the phantom!
You have reached level 7!
You now have 217 gold pieces (gained 15).
There is a stone staircase leading up here.
You now have 230 gold pieces (gained 13).
An ogre comes into view. It is wielding a +0 giant club.
The ogre shouts!
An ogre is nearby!
The ogre hits you with a +0 giant club!
You completely miss the ogre. The ogre hits you with a +0 giant club!
You hit the ogre.
The ogre is lightly wounded.
You hit the ogre.
The ogre is moderately wounded.
The ogre barely misses you.
You slash the ogre!
The ogre is heavily wounded.
The ogre barely misses you.
You barely miss the ogre.
The ogre is heavily wounded.
The ogre hits you with a +0 giant club!
* * * LOW HITPOINT WARNING * * *
You hit the ogre.
The ogre is severely wounded.
The ogre hits you with a +0 giant club!
You die...

#.########
#...O@...#
+#.
#######.##
... #.#
... #.#
..# #.#
..# #.#
..# #.#
..# #.#
### #.#


You could see an ogre.

Vanquished Creatures
  Sigmund (D:3)
  A phantom (D:5)
  Natasha (thrice) (D:3)
  An orc wizard (D:4)
  Robin (D:3)
  4 adders
  3 gnolls (D:3)
  A worm (D:4)
  6 orcs
  5 ball pythons
  8 endoplasms
  2 giant cockroaches
  13 goblins
  8 hobgoblins
  6 jackals (D:1)
  7 kobolds
  A quokka (D:3)
  3 bats
  3 frilled lizards
  8 rats
85 creatures vanquished.

Vanquished Creatures (others)
  A plant (D:1)
1 creature vanquished.

Grand Total: 86 creatures vanquished

Notes
Turn   | Place    | Note
-------+----------+-------------------------------------------
     0 | D:1      | bande the Gargoyle Fighter began the quest for the Orb.
     0 | D:1      | Reached XP level 1. HP: 14/14 MP: 1/1
   136 | D:1      | Reached XP level 2. HP: 19/19 MP: 2/2
   178 | D:1      | Reached skill level 2 in Axes
   300 | D:1      | Reached XP level 3. HP: 22/23 MP: 3/3
  1372 | D:2      | Reached XP level 4. HP: 29/29 MP: 4/4
  1614 | D:3      | Found a sparkling altar of Nemelex Xobeh.
  1659 | D:3      | Noticed Natasha
  1668 | D:3      | Killed Natasha
  1669 | D:3      | Reached skill level 3 in Axes
  1704 | D:3      | Noticed Sigmund
  1724 | D:3      | Killed Sigmund
  1725 | D:3      | Reached skill level 4 in Axes
  1725 | D:3      | Reached XP level 5. HP: 19/33 MP: 5/5
  1725 | D:3      | Reached XP level 6. HP: 23/38 MP: 6/6
  1988 | D:3      | Noticed Robin
  2017 | D:3      | Killed Robin
  2037 | D:3      | Noticed Natasha
  2050 | D:3      | Killed Natasha
  2165 | D:3      | Noticed Natasha
  2175 | D:3      | Killed Natasha
  2205 | D:3      | Identified the +1 leather armour of Voum {Rampage rF+ Str-2
                  | Stlth+}
  2721 | D:4      | Reached skill level 5 in Axes
  2807 | D:4      | Identified the +8 sling of Discomfort {elec, Str+3}
  2975 | D:4      | Found a staircase to the Ecumenical Temple.
  2987 | Temple   | Entered the Ecumenical Temple
  3442 | D:5      | Entered Level 5 of the Dungeon
  3455 | D:5      | Reached XP level 7. HP: 44/44 MP: 7/7
  3504 | D:5      | Slain by an ogre

Illustrated notes

Levels and vault maps discovered:
D:1:      kilobyte_arrival_exit_the_forest, layout_basic,
          minmay_misc_feat_pillars
D:2:      layout_basic
D:3:      layout_basic, nemelex_spade_bored_becter, uniq_natasha, uniq_sigmund,
          uniq_robin
D:4:      layout_basic, minmay_temple_entry_waves, minmay_pentomino_pile
D:5:      gammafunk_steamed_eel, layout_basic, uniq_eustachio,
          uniq_blork_the_orc
Temple:   hellmonk_temple_forest_ring

Skill      XL: |  1  2  3  4  5  6 |
---------------+-------------------+-----
Axes           | 2 4 5 |  5.3
Fighting       | 4 |  4.4
Armour         | 4 |  4.7
Shields        | 4 |  4.1
Stealth        | |  0.1

Action                   |  1- 3 |  4- 6 |  7- 9 || total
-------------------------+-------+-------+-------++-------
Melee: War axe           |    94 |   142 |     6 ||   242
  Use: Scroll            |       |    10 |       ||    10
Armor: Scale mail        |    62 |       |       ||    62
       Chain mail        |       |   106 |       ||   106
Dodge: Dodged            |    47 |    53 |     2 ||   102
Block: Buckler           |    19 |    29 |       ||    48

Table legend: (Time is in decaauts)
 A = Elapsed time spent in this place.
 B = Non-inter-level travel time spent in this place.
 C = Inter-level travel time spent in this place.
 D = Time resting spent in this place.
 E = Time spent auto-exploring this place.
 F = Levels seen in this place.
 G = Mean time per level.
                   A        B        C        D        E       F      G
               +--------+--------+--------+--------+--------+-----+--------+
         Total |   3629 |   3569 |     60 |    158 |   2615 |   6 |  604.8 |
       Dungeon |   3491 |   3431 |     60 |    158 |   2498 |   5 |  698.2 |
        Temple |    137 |    137 |      0 |      0 |    117 |   1 |  137.0 |
               +--------+--------+--------+--------+--------+-----+--------+

Top non-repeatable levels by time:
     D:1: 966 daAuts
     D:3: 936 daAuts
     D:4: 846 daAuts
     D:2: 677 daAuts
  Temple: 137 daAuts
     D:5: 65 daAuts
